 Dungeon Crawl Stone Soup version 0.31-a0-358-gac0dbeb3ab (webtiles) character file.

Game seed: 11456429676870588070

4834 Gelion the Mimic (level 10, -2/100 HPs)
             Began as a Troll Shapeshifter on July 26, 2023.
             Was a Believer of Trog.
             Shot with an arrow by a centaur warrior (20 damage)
             ... on level 8 of the Dungeon.
             The game lasted 00:11:29 (6923 turns).

Gelion the Mimic (Troll Shapeshifter)               Turns: 6923, Time: 00:11:29

Health: -2/100     AC:  5    Str: 31    XL:     10   Next: 25%
Magic:  9/9        EV: 11    Int:  4    God:    Trog [**....]
Gold:   279        SH:  5    Dex: 14    Spells: 9/9 levels left

rFire   + .          .
                       - Unarmed
rCold   . . .        (no shield)
rNeg    . . .        o - +1 robe {rF+}
rPois   .            (helmet currently unavailable)
rElec   .            (cloak currently unavailable)
rCorr   .            (gloves unavailable)
SInv    +            (boots unavailable)
Will    .....        k - amulet of reflection
Stlth   +            d - ring of see invisible
HPRegen 1.16/turn    e - +6 ring of strength
MPRegen 0.11/turn

%: reflection
@: beast-form
A: beast (slay +6), large, unfitting armour, claws 3, regeneration 1, shaggy fur
1, tough skin 1
a: Begin Untransformation, Renounce Religion, Berserk, Trog's Hand


You were on level 8 of the Dungeon.
You worshipped Trog.
Trog was pleased with you.
You were a hulking beast.
You visited 2 branches of the dungeon, and saw 9 of its levels.

You collected 354 gold pieces.
You spent 75 gold pieces at shops.

Inventory:

Missiles
 a - a throwing net
Armour
 o - a +1 robe of fire resistance (worn)
Jewellery
 d - a ring of see invisible (left claw)
 e - a +6 ring of strength (right claw)
 g - an amulet of regeneration
 k - an amulet of reflection (around neck)
Talismans
 c - a beast talisman
Wands
 m - a wand of paralysis (10)
 q - a wand of polymorph (20)
 t - a wand of mindburst (11)
 w - a wand of acid (6)
Scrolls
 f - 3 scrolls of teleportation
Potions
 b - a potion of lignification
 h - 2 potions of haste
 i - 2 potions of degeneration {unknown}
 j - 2 potions of curing
 l - a potion of mutation
 n - a potion of attraction {unknown}
 p - a potion of resistance {unknown}
 s - a potion of berserk rage {unknown}
 u - a potion of brilliance {unknown}


   Skills:
 + Level 6.3 Fighting
 - Level 3.6 Dodging
 + Level 8.2 Unarmed Combat
 * Level 8.9 Shapeshifting


You had 9 spell levels left.
You didn't know any spells.
Your spell library contained the following spells:

 Spells                   Type           Power      Damage    Failure   Level
 Blink                    Tloc           0%         N/A       65%         2
 Lesser Beckoning         Tloc           0%         N/A       65%         2
 Call Canine Familiar     Summ           0%         N/A       86%         3
 Frozen Ramparts          Ice            0%         1d1       86%         3
 Portal Projectile        Hex/Tloc       0%         N/A       86%         3
 Leda's Liquefaction      Hex/Erth       0%         N/A       99%         4
 Manifold Assault         Tloc           0%         N/A       99%         4
 Petrify                  Tmut/Erth      0%         N/A       99%         4
 Metabolic Englaciation   Hex/Ice        0%         N/A       100%        5
 Silence                  Hex/Air        0%         N/A       100%        5


Dungeon Overview and Level Annotations

Branches:
Dungeon (8/15)             Temple (1/1) D:6
   Lair: D:8-11

Altars:
Ashenzari
Cheibriados
Dithmenos
Elyvilon
Fedhas
Gozag
Hepliaklqana
Kikubaaqudgha
Makhleb
Nemelex Xobeh
Okawaru
Qazlal
Ru
Sif Muna
Trog
Uskayaw
Vehumet
Wu Jian
Xom
Zin
The Shining One

Shops:
D:3 (   D:4 ?


Innate Abilities, Weirdness & Mutations

You are a hulking beast.
Your limbs bulge with bestial killing power. (Slay +6)
You are too large for most types of armour.
You have claws for hands.
Your natural rate of healing is unusually fast.
You are covered in fur. (AC +1)
You have tough skin. (AC +1)


Message History

Trog accepts your kill.
You scratch the manticore. You claw the manticore!!
The manticore is heavily wounded.
The manticore bites you. The manticore claws you. x2
You claw the manticore!
The manticore is severely wounded.
A two-headed ogre comes into view.
It is wielding a +0 dire flail and a +0 giant spiked club.
The manticore bites you!!
The manticore claws you but does no damage. x2
You are too injured to fight recklessly!
You are too injured to fight recklessly!
Unknown command.
You are too injured to fight recklessly!
You barely miss the manticore. You claw the manticore!
You kill the manticore!
Trog accepts your kill.
The centaur warrior wields a +0 shortbow.
The centaur warrior shoots an arrow.
The arrow hits you!!
* * * LOW HITPOINT WARNING * * *
You hear an angry buzzing noise.
Your life force feels restored.
Blink to where?
Press: ? - help, Dir - move target A slime creature comes into view.
As you read the scroll of blinking, it crumbles to dust.
The slime creature quivers.
Things that are here:
a +0 dagger; a +0 robe; an orc corpse The centaur warrior shoots an arrow.
The arrow hits you!
* * * LOW HITPOINT WARNING * * *
The centaur warrior shoots an arrow.
You block the arrow with an invisible shield... and reflect it back!
The arrow hits the centaur warrior!
The centaur warrior shoots an arrow.
The arrow hits you!
* * * LOW HITPOINT WARNING * * *
The centaur warrior shoots an arrow.
You block the arrow with an invisible shield... and reflect it back!
The arrow barely misses the centaur warrior.
The centaur warrior shoots an arrow.
The arrow hits you!!
You die...

# ######...# ##...##
###.####.....###.
#..)))..8......
#######...##### #
#...# ..## #.>.#
#...# #...#
.....#######...#####
##.....h...8......
##:#.#...##.....###.
###
..##.#....##...## #
O....#..#.....##.##
...
c#..#..#..J..##'#..#
#..##..#...>.†....#
#..#...#..)..######
#..#...c.....#
#..#.........#


You could see a slime creature and a centaur warrior.

Vanquished Creatures
  Pikel (D:6)
  A manticore (D:8)
  Sigmund (D:6)
  A wyvern (D:7)
  Menkaure (D:5)
  A steam dragon (D:6)
  Edmund (D:6)
  An acid dragon (D:8)
  A water moccasin (D:7)
  Duvessa (D:5)
  2 orc warriors
  2 ice beasts
  2 sky beasts (D:7)
  A black bear (D:6)
  4 ogres
  A centaur (D:5)
  A phantom (D:4)
  4 kobold brigands
  4 scorpions
  7 wights (D:8)
  Dowan (D:5)
  6 killer bees (D:8)
  3 orc priests
  6 hounds
  2 iguanas
  2 sleepcaps
  6 orc wizards
  6 gnolls
  6 adders
  A shadow imp (D:4)
  6 white imps
  4 ufetubi (D:4)
  24 orcs
  6 ball pythons
  8 endoplasms
  A giant cockroach (D:1)
  8 goblins
  3 hobgoblins (D:2)
  2 quokkas
  3 bats
  2 frilled lizards
  22 kobolds
166 creatures vanquished.

Vanquished Creatures (others)
  An orc wizard (D:6)
1 creature vanquished.

Grand Total: 167 creatures vanquished

Notes
Turn   | Place    | Note
-------+----------+-------------------------------------------
     0 | D:1      | Gelion the Troll Shapeshifter began the quest for the Orb.
     0 | D:1      | Reached XP level 1. HP: 18/18 MP: 0/0
     6 | D:1      | Noticed a salamander
     6 | D:1      | Noticed a komodo dragon
     6 | D:1      | Noticed a swamp drake
     7 | D:1      | Noticed a hound
   288 | D:1      | Reached skill level 1 in Fighting
   351 | D:1      | Reached XP level 2. HP: 27/27 MP: 1/1
   950 | D:2      | Reached XP level 3. HP: 30/33 MP: 2/2
  1018 | D:2      | Found a faded altar of an unknown god.
  1886 | D:3      | Found a sacrificial altar of Ru.
  1905 | D:3      | Reached XP level 4. HP: 33/42 MP: 3/3
  2070 | D:3      | Found Nuirut's Weapon Emporium.
  2157 | D:3      | Reached XP level 5. HP: 49/49 MP: 4/4
  2456 | D:4      | Reached XP level 6. HP: 58/59 MP: 5/5
  2828 | D:4      | Found Ejegohic's Magic Scroll Shoppe.
  2836 | D:4      | Bought a scroll of blinking for 75 gold pieces
  2994 | D:4      | Reached XP level 7. HP: 67/67 MP: 6/6
  3230 | D:4      | Found a hazy altar of Hepliaklqana.
  3421 | D:4      | Found a white marble altar of Elyvilon.
  3437 | D:4      | Found a shimmering altar of Xom.
  3766 | D:5      | Entered Level 5 of the Dungeon
  3799 | D:5      | Reached skill level 5 in Unarmed Combat
  3969 | D:5      | Noticed Menkaure
  3973 | D:5      | Killed Menkaure
  4015 | D:5      | Reached skill level 5 in Shapeshifting
  4398 | D:5      | Reached XP level 8. HP: 69/78 MP: 7/7
  4431 | D:5      | Noticed Dowan
  4433 | D:5      | Noticed Duvessa
  4440 | D:5      | Killed Dowan
  4448 | D:5      | HP: 3/78 [Duvessa/+1 short sword of speed (7)]
  4457 | D:5      | Killed Duvessa
  4907 | D:6      | Noticed Sigmund
  4933 | D:6      | Killed Sigmund
  5052 | D:6      | Got Sif Muna's Compendium of Ensnaring Direction
  5058 | D:6      | Found an ancient bone altar of Kikubaaqudgha.
  5087 | D:6      | Noticed Edmund
  5189 | D:6      | Killed Edmund
  5275 | D:6      | Found a staircase to the Ecumenical Temple.
  5282 | Temple   | Entered the Ecumenical Temple
  5313 | Temple   | Became a worshipper of Trog the Wrathful
  5414 | D:6      | Reached XP level 9. HP: 80/87 MP: 8/8
  6051 | D:7      | Noticed Pikel
  6066 | D:7      | Reached skill level 5 in Fighting
  6077 | D:6      | Killed Pikel
  6227 | D:7      | Reached * piety under Trog
  6456 | D:7      | Identified the +1 mace "Desiocegh" {heavy, rC+ Str+3
                  | Stlth+}
  6786 | D:8      | Reached XP level 10. HP: 88/98 MP: 9/9
  6848 | D:8      | Reached ** piety under Trog
  6899 | D:8      | Noticed a manticore
  6901 | D:8      | Noticed a centaur warrior
  6905 | D:8      | Noticed a two-headed ogre
  6906 | D:8      | Killed a manticore
  6923 | D:8      | Shot with an arrow by a centaur warrior

Illustrated notes

Levels and vault maps discovered:
D:1:      onia_arrival_zoo_common, layout_basic
D:2:      layout_basic, chequers_ecumenical_altar_twisty, minmay_bisected
D:3:      layout_loops_cross, hangedman_ru_absence, serial_shops,
          nicolae_shop_real_fake_doors, item_on_display_a
D:4:      layout_layer_cave, worldfamousw_hep_ancestral_shrine,
          mainiacjoe_overflow_swirl, serial_demonic, serial_demonic_e,
          serial_demonic_c, serial_demonic_a, serial_demonic_f,
          serial_demonic_f, serial_demonic_b, serial_shops,
          nicolae_stop_n_shop_1, minivault_25, minmay_starry_boxes
D:5:      minmay_skewed_foursquare, layout_basic, uniq_menkaure, uniq_duvessa
D:6:      layout_loops_corners, mainiacjoe_overflow_surrounded_room,
          minmay_temple_entry_tees, kennysheep_generic_room_14, uniq_sigmund,
          uniq_edmund
D:7:      layout_basic, uniq_pikel
D:8:      layout_rooms, st_stairs_14, grunt_ministairs_15, minivault_4,
          minmay_pinched_square, uniq_maggie
Temple:   eino_temple_rhombus

Skill      XL: |  1  2  3  4  5  6  7  8  9 10 |
---------------+-------------------------------+-----
Fighting       | 1 2 3 4 6 |  6.3
Dodging        | 2 3 |  3.6
Unarmed Combat | 4 5 6 7 8 |  8.2
Shapeshifting  | 4 5 6 8 |  8.9

Action                     |  1- 3 |  4- 6 |  7- 9 | 10-12 || total
---------------------------+-------+-------+-------+-------++-------
  Melee: Unarmed           |    83 |   104 |   235 |    30 ||   452
         Punch             |     3 |     2 |     6 |     5 ||    16
  Evoke: Wand              |       |       |     2 |       ||     2
    Use: Scroll            |       |       |    11 |     1 ||    12
         Potion            |       |       |     2 |       ||     2
   Stab: Sleeping          |       |       |     4 |       ||     4
         Paralysed         |       |       |     1 |       ||     1
 Armour: Animal skin       |    23 |    39 |    25 |       ||    87
         Robe              |       |       |    17 |     9 ||    26
  Dodge: Dodged            |    40 |    65 |   102 |    10 ||   217
  Block: Other             |       |       |    10 |     7 ||    17
         Reflection        |       |       |       |     2 ||     2

Table legend: (Time is in decaauts)
 A = Elapsed time spent in this place.
 B = Non-inter-level travel time spent in this place.
 C = Inter-level travel time spent in this place.
 D = Time resting spent in this place.
 E = Time spent auto-exploring this place.
 F = Levels seen in this place.
 G = Mean time per level.
                   A        B        C        D        E       F      G
               +--------+--------+--------+--------+--------+-----+--------+
         Total |   6850 |   6632 |    218 |    181 |   5428 |   9 |  761.1 |
       Dungeon |   6802 |   6629 |    173 |    181 |   5428 |   8 |  850.2 |
        Temple |     47 |      2 |     45 |      0 |      0 |   1 |   47.0 |
               +--------+--------+--------+--------+--------+-----+--------+

Top non-repeatable levels by time:
     D:4: 1430 daAuts
     D:5: 1129 daAuts
     D:6: 1092 daAuts
     D:2: 833 daAuts
     D:1: 775 daAuts
     D:3: 712 daAuts
     D:7: 621 daAuts
     D:8: 208 daAuts
  Temple: 47 daAuts
